Barracuda vs Moose (R1)

Created - May 8, 2023 at 19:05

Goals
1 2 3 T
Barracuda 2 1 3 6
Moose 0 2 3 5
Shots
1 2 3 T
Barracuda 14 9 9 32
Moose 8 16 16 40

1st period

1. Barracuda , Brandon Kozun 39 (William Carrier 54, Emil Pettersson 60) at 8:28
2. Barracuda , Theodor Blueger 17 (Justin Shugg 17, Kurtis Macdermid 26) at 17:12

Penalties :
Ludwig Bystrom (Man) for High sticking (Minor) at 0:13, Erik Cernak (Man) for Roughing (Minor) at 3:53, Dylan Strome (Man) for Hooking (Minor) at 4:15, Nathan Walker (Man) for Roughing (Double Minor) at 13:05

2nd period

3. Moose , Nikolay Goldobin 25 (Ludwig Bystrom 30) at 1:24
4. Barracuda , William Carrier 35 (Brandon Kozun 46, Emil Pettersson 61) at 15:18 (PP)
5. Moose , Michael McLeod 29 (Nathan Bastian 1) at 17:25

Penalties :
Logan Stanley (S.J) for Delaying the game (Minor) at 2:55, Alex Lintuniemi (S.J) for Unsportsmanlike conduct (Minor) at 12:23, Michael McLeod (Man) for Hooking (Minor) at 15:14, Erik Cernak (Man) for Holding (Minor) at 18:09

3rd period

6. Barracuda , William Carrier 36 (Scott Harrington 24) at 0:15
7. Moose , Nathan Walker 26 (Dylan Strome 68) at 0:35
8. Moose , Tomas Jurco 32 (Dylan Strome 69, Nathan Walker 50) at 5:41 (PP)
9. Barracuda , Cole Ully 30 (Chris Wagner 26) at 7:07
10. Moose , Nathan Bastian 1 (Jake Leschyshyn 8, Nikolay Goldobin 30) at 16:49
11. Barracuda , Mario Lucia 7 (Alex Henriksson 17, Aleksi Heponiemi 6) at 17:24

Penalties :
Brandon Kozun (S.J) for Hooking (Minor) at 1:42, Scott Harrington (S.J) for Holding (Minor) at 4:05, Theodor Blueger (S.J) for Hooking (Minor) at 9:30, Nathan Bastian (Man) for Slashing (Minor) at 14:42

Goalie Stats

Joni Ortio (S.J), 35 saves from 40 shots - (0.875), W, 18-12-2, 60:00 minutes
Karel Vejmelka (Man), 26 saves from 32 shots - (0.813), L, 0-1-0, 59:02 minutes

Players Stats for Barracuda

Player Name              G  A  P  +/- PIM S  H  SB GA TA FO     MP     PP MP  PK MP  
------------------------------------------------------------------------------------
Aleksi Heponiemi         0  1  1   1  0   0  1  0  0  0  0/0     5:28   0:00   0:57 
Alex Henriksson          0  1  1   1  0   1  3  0  0  0  0/1     6:29   0:00   2:06 
Alex Lintuniemi          0  0  0   0  2   1  0  0  0  0  0/0    10:18   0:00   1:04 
Brandon Kozun            1  1  2  -1  2   5  1  0  3  2  5/7    25:09   6:41   4:36 
Chris Wagner             0  1  1   0  0   4  1  0  1  0  0/0    10:22   0:49   0:00 
Cole Ully                1  0  1   0  0   1  0  0  1  0  0/0    11:33   0:49   1:07 
Emil Pettersson          0  2  2  -1  0   1  0  2  1  1  20/39  23:16   6:41   2:44 
Eric Gustafsson          0  0  0  -2  0   3  2  2  1  2  0/0    29:51   7:13   5:21 
Jerome Gauthier-Leduc    0  0  0   0  0   0  1  2  0  0  0/0     9:05   0:00   0:00 
Justin Shugg             0  1  1   1  0   2  1  0  1  0  0/0    14:59   4:51   0:00 
Kurtis Macdermid         0  1  1   1  0   1  1  0  0  0  0/0    17:10   4:51   2:11 
Logan Stanley            0  0  0   3  2   0  3  1  0  0  0/0    20:28   5:08   3:34 
Mario Lucia              1  0  1   1  0   4  1  0  0  0  0/0     5:10   0:49   0:00 
Noah Gregor              0  0  0   0  0   0  0  0  0  0  2/5     9:33   0:00   0:00 
Robin Norell             0  0  0   3  0   0  1  2  0  0  0/0    21:04   5:08   4:11 
Scott Harrington         0  1  1  -2  2   1  0  2  0  0  0/0    29:23   7:13   4:54 
Theodor Blueger          1  0  1   1  2   5  2  1  2  0  8/15   15:00   4:51   0:00 
William Carrier          2  1  3  -1  0   3  2  1  0  1  1/2    26:05   6:41   5:23 

Players Stats for Moose

Player Name              G  A  P  +/- PIM S  H  SB GA TA FO     MP     PP MP  PK MP  
------------------------------------------------------------------------------------
Boris Katchouk           0  0  0  -2  0   0  1  0  1  0  0/0     6:09   0:00   0:47 
Chase De Leo             0  0  0  -1  0   2  1  0  1  0  4/13   17:24   4:49   3:36 
Dylan Strome             0  2  2  -1  2   3  1  1  1  1  19/36  24:12   4:43   5:09 
Erik Cernak              0  0  0   0  4   1  1  0  0  2  0/0    21:55   3:14   4:06 
Jake Leschyshyn          0  1  1  -1  0   1  0  0  0  0  2/5     9:09   0:00   3:35 
Kyle Connor              0  0  0  -1  0   1  2  0  0  0  2/2    17:58   4:49   4:10 
Ludwig Bystrom           0  1  1  -3  2   5  3  1  1  0  0/0    27:32   6:18   5:27 
Matthew Benning          0  0  0   1  0   1  0  1  0  0  0/0    11:01   0:00   3:02 
Michael McLeod           1  0  1   2  2   2  0  0  0  0  2/6     9:17   0:00   0:00 
Mirco Mueller            0  0  0  -3  0   1  2  1  0  4  0/0    28:26   6:18   6:30 
Nathan Bastian           1  1  2   3  2   3  0  1  0  0  1/1     9:37   0:11   0:00 
Nathan Walker            1  1  2  -2  4   3  4  0  0  1  2/3    22:50   4:43   3:50 
Nikolay Goldobin         1  1  2   3  0   8  0  1  0  0  0/0    11:19   0:00   1:43 
Roman Josi               0  0  0   1  0   2  1  0  0  2  0/0    22:32   3:14   4:48 
Tomas Jurco              1  0  1   0  0   6  0  2  2  0  0/1    18:30   4:32   0:00 
Urho Vaakanainen         0  0  0   1  0   0  0  0  0  0  0/0     9:02   0:00   1:03 
Vinni Lettieri           0  0  0  -1  0   0  2  0  0  0  1/2    13:48   4:49   0:00 
William Bitten           0  0  0  -1  0   1  0  0  0  0  0/0     5:14   0:00   0:00 

3 Stars

1 - William Carrier (S.J)
2 - Nikolay Goldobin (Man)
3 - Nathan Bastian (Man)

Power Play

Barracuda - 1 on 8 Attempt(s) - 12.50%
Moose - 1 on 5 Attempt(s) - 20.00%

Penalty Kill

Barracuda - 4 on 5 Attempt(s) - 80.00% - Score 0 goal in Penalty Kill
Moose - 7 on 8 Attempt(s) - 87.50% - Score 0 goal in Penalty Kill

Team Stat

Barracuda - Hits : 20 - Faceoff Wins : 36 - Blocked Shots : 13 - Penalty Minutes : 10
Moose - Hits : 18 - Faceoff Wins : 33 - Blocked Shots : 8 - Penalty Minutes : 16

Official

Referees : Peter MacDougall and Pierre Lambert
Linesman : Trent Knorr and Devin Berg

Game Notes

No Game Note

Finance

Level 1 -- Attendance: 1857 (92.85%) -- Ticket Income $64,995
Level 2 -- Attendance: 979 (97.90%) -- Ticket Income $14,685
Total Attendance: 2836 (94.53%)
Total Ticket Income: $79,680
Other Income: $3,984
Total Income: $83,664

Barracuda

5 vs 5 Forward 
   Center                   Left Wing                Right Wing               Time % Phy DF OF 
 1 Emil Pettersson          William Carrier          Brandon Kozun            40     1   2  2  
 2 Theodor Blueger          Kurtis Macdermid         Justin Shugg             30     1   2  2  
 3 Noah Gregor              Cole Ully                Chris Wagner             20     1   2  2  
 4 Aleksi Heponiemi         Alex Henriksson          Mario Lucia              10     1   2  2  

5 vs 5 Defense 
   Defense                  Defense                                           Time % Phy DF OF 
 1 Scott Harrington         Eric Gustafsson                                   40     1   2  2  
 2 Robin Norell             Logan Stanley                                     30     1   2  2  
 3 Jerome Gauthier-Leduc    Alex Lintuniemi                                   20     1   2  2  
 4 Scott Harrington         Eric Gustafsson                                   10     1   2  2  

PowerPlay Forward 
   Center                   Left Wing                Right Wing               Time % Phy DF OF 
 1 Emil Pettersson          William Carrier          Brandon Kozun            60     1   2  2  
 2 Theodor Blueger          Kurtis Macdermid         Justin Shugg             40     1   2  2  

PowerPlay Defense
   Defense                  Defense                                           Time % Phy DF OF 
 1 Scott Harrington         Eric Gustafsson                                   60     1   2  2  
 2 Robin Norell             Logan Stanley                                     40     1   2  2  

Penalty Kill 4 Players Forward 
   Center                   Wing                     Time % Phy DF OF 
 1 Brandon Kozun            William Carrier          60     1   2  2  
 2 Emil Pettersson          Kurtis Macdermid         40     1   2  2  

Penalty Kill 4 Players Defense
   Defense                  Defense                  Time % Phy DF OF 
 1 Scott Harrington         Eric Gustafsson          60     1   2  2  
 2 Robin Norell             Logan Stanley            40     1   2  2  

Penalty Kill - 3 Players Forward 
   Forward                                           Time % Phy DF OF 
 1 Brandon Kozun                                     60     1   2  2  
 2 William Carrier                                   40     1   2  2  

Penalty Kill - 3 Players Defense
   Defense                  Defense                  Time % Phy DF OF 
 1 Scott Harrington         Eric Gustafsson          60     1   2  2  
 2 Robin Norell             Logan Stanley            40     1   2  2  

4 vs 4 Forward 
   Center                   Wing                     Time % Phy DF OF 
 1 Brandon Kozun            William Carrier          60     1   2  2  
 2 Emil Pettersson          Kurtis Macdermid         40     1   2  2  

4 vs 4 Defense
   Defense                  Defense                  Time % Phy DF OF 
 1 Scott Harrington         Eric Gustafsson          60     1   2  2  
 2 Robin Norell             Logan Stanley            40     1   2  2  

Last Minutes Offensive
   Center                   Left Wing                Right Wing               Defense                  Defense                  
   Emil Pettersson          William Carrier          Brandon Kozun            Scott Harrington         Eric Gustafsson          

Last Minutes Defensive
   Center                   Left Wing                Right Wing               Defense                  Defense                  
   Emil Pettersson          William Carrier          Brandon Kozun            Scott Harrington         Eric Gustafsson          

Goaltenders
Starting : Joni Ortio               
Backup : Joacim Eriksson          

Extra Forwards
Normal : Cole Ully, Chris Wagner, Alex Henriksson - PP : Cole Ully, Chris Wagner - PK : Alex Henriksson
Extra Defensemen
Normal : Jerome Gauthier-Leduc, Alex Lintuniemi, Robin Norell - PP : Jerome Gauthier-Leduc - PK : Alex Lintuniemi, Robin Norell
Penalty Shots
Brandon Kozun, William Carrier, Emil Pettersson, Kurtis Macdermid, Theodor Blueger

Scratches
Ben Jones (Healthy), Jacob Peterson (Healthy), Scott Reedy (Healthy), Jaedon Descheneau (Healthy), Kyle Platzer (Left Forearm Injury)
Samuel Groulx (Head Injury), Thomas Gobeil (Healthy), Jordan Gross (Healthy), Drew O'Connor (Healthy), Dennis Cholowski (Healthy)
Alexei Toropchenko (Healthy)

Moose

5 vs 5 Forward 
   Center                   Left Wing                Right Wing               Time % Phy DF OF 
 1 Dylan Strome             Nathan Walker            Tomas Jurco              40     1   2  2  
 2 Chase De Leo             Kyle Connor              Vinni Lettieri           30     1   2  2  
 3 Michael McLeod           Nikolay Goldobin         Nathan Bastian           20     1   2  2  
 4 Jake Leschyshyn          Boris Katchouk           William Bitten           10     1   2  2  

5 vs 5 Defense 
   Defense                  Defense                                           Time % Phy DF OF 
 1 Mirco Mueller            Ludwig Bystrom                                    40     1   2  2  
 2 Roman Josi               Erik Cernak                                       30     1   2  2  
 3 Matthew Benning          Urho Vaakanainen                                  20     1   2  2  
 4 Mirco Mueller            Ludwig Bystrom                                    10     1   2  2  

PowerPlay Forward 
   Center                   Left Wing                Right Wing               Time % Phy DF OF 
 1 Dylan Strome             Nathan Walker            Tomas Jurco              60     1   2  2  
 2 Chase De Leo             Kyle Connor              Vinni Lettieri           40     1   2  2  

PowerPlay Defense
   Defense                  Defense                                           Time % Phy DF OF 
 1 Mirco Mueller            Ludwig Bystrom                                    60     1   2  2  
 2 Roman Josi               Erik Cernak                                       40     1   2  2  

Penalty Kill 4 Players Forward 
   Center                   Wing                     Time % Phy DF OF 
 1 Dylan Strome             Nathan Walker            60     1   2  2  
 2 Chase De Leo             Kyle Connor              40     1   2  2  

Penalty Kill 4 Players Defense
   Defense                  Defense                  Time % Phy DF OF 
 1 Mirco Mueller            Ludwig Bystrom           60     1   2  2  
 2 Roman Josi               Erik Cernak              40     1   2  2  

Penalty Kill - 3 Players Forward 
   Forward                                           Time % Phy DF OF 
 1 Dylan Strome                                      60     1   2  2  
 2 Chase De Leo                                      40     1   2  2  

Penalty Kill - 3 Players Defense
   Defense                  Defense                  Time % Phy DF OF 
 1 Mirco Mueller            Ludwig Bystrom           60     1   2  2  
 2 Roman Josi               Erik Cernak              40     1   2  2  

4 vs 4 Forward 
   Center                   Wing                     Time % Phy DF OF 
 1 Dylan Strome             Nathan Walker            60     1   2  2  
 2 Chase De Leo             Kyle Connor              40     1   2  2  

4 vs 4 Defense
   Defense                  Defense                  Time % Phy DF OF 
 1 Mirco Mueller            Ludwig Bystrom           60     1   2  2  
 2 Roman Josi               Erik Cernak              40     1   2  2  

Last Minutes Offensive
   Center                   Left Wing                Right Wing               Defense                  Defense                  
   Dylan Strome             Nathan Walker            Tomas Jurco              Mirco Mueller            Ludwig Bystrom           

Last Minutes Defensive
   Center                   Left Wing                Right Wing               Defense                  Defense                  
   Dylan Strome             Nathan Walker            Tomas Jurco              Mirco Mueller            Ludwig Bystrom           

Goaltenders
Starting : Karel Vejmelka           
Backup : Filip Gustavsson         

Extra Forwards
Normal : Dylan Strome, Chase De Leo, Michael McLeod - PP : Dylan Strome, Chase De Leo - PK : Dylan Strome
Extra Defensemen
Normal : Erik Cernak, Matthew Benning, Urho Vaakanainen - PP : Erik Cernak - PK : Erik Cernak, Matthew Benning
Penalty Shots
Tomas Jurco, Nathan Walker, Kyle Connor, Nikolay Goldobin, Dylan Strome

Scratches
Anders Bjork (Healthy), Juuso Valimaki (Fractured Left Foot Injury), Lane MacDermid (Healthy), Mathieu Joseph (Healthy), Mitchell Stephens (Healthy)
Nelson Nogier (Healthy), Nick Merkley (Healthy), Jonathan Kovacevic (Healthy), Julien Gauthier (Healthy), Josh Mahura (Broken Left Foot Toe Injury)
Max Jones (Healthy), Kieffer Bellows (Healthy), Tim Gettinger (Healthy), Brandon Halverson (Healthy), Joey Daccord (Healthy)
Daniel Vladar (Healthy)

% Time on Ice - Barracuda

Lines # - Real PCT - Wanted PCT - Time Play
Normal Forward
1 - 35% - 40% - 12:51
2 - 27% - 30% - 10:08
3 - 26% - 20% - 9:33
4 - 12% - 10% - 4:21
Normal Defense
1 - 44% - 40% - 16:03
2 - 32% - 30% - 11:45
3 - 25% - 20% - 9:05
4 - 0% - 10% - 0:00
PP Forward
1 - 61% - 60% - 7:30
2 - 39% - 40% - 4:51
PP Defense
1 - 58% - 60% - 7:13
2 - 42% - 40% - 5:08
PK Forward
1 - 77% - 60% - 7:21
2 - 23% - 40% - 2:11
PK Defense
1 - 56% - 60% - 5:21
2 - 44% - 40% - 4:11
PK3 Forward
1 - 0% - 60%
2 - 0% - 40%
PK3 Defense
1 - 0% - 60%
2 - 0% - 40%
44 Forward
1 - 0% - 60%
2 - 0% - 40%
44 Defense
1 - 0% - 60%
2 - 0% - 40%
Last Minute Offensive  - 0:00
Last Minute Defensive  - 1:14
Total
Forward - 60:00
Defense - 60:00

% Time on Ice - Moose

Lines # - Real PCT - Wanted PCT - Time Play
Normal Forward
1 - 36% - 40% - 13:23
2 - 24% - 30% - 8:59
3 - 25% - 20% - 9:18
4 - 14% - 10% - 5:14
Normal Defense
1 - 43% - 40% - 15:48
2 - 36% - 30% - 13:17
3 - 21% - 20% - 7:49
4 - 0% - 10% - 0:00
PP Forward
1 - 49% - 60% - 4:43
2 - 51% - 40% - 4:49
PP Defense
1 - 66% - 60% - 6:18
2 - 34% - 40% - 3:14
PK Forward
1 - 78% - 60% - 8:23
2 - 22% - 40% - 2:21
PK Defense
1 - 61% - 60% - 6:36
2 - 39% - 40% - 4:08
PK3 Forward
1 - 88% - 60% - 1:25
2 - 12% - 40% - 0:12
PK3 Defense
1 - 59% - 60% - 0:57
2 - 41% - 40% - 0:40
44 Forward
1 - 0% - 60%
2 - 0% - 40%
44 Defense
1 - 0% - 60%
2 - 0% - 40%
Last Minute Offensive  - 1:13
Last Minute Defensive  - 0:00
Total
Forward - 60:00
Defense - 60:00

Play-by-Play

1st period


0:01 of 1st period - Emil Pettersson wins face-off versus Dylan Strome in neutral zone.
0:13 of 1st period - Minor Penalty to Ludwig Bystrom for High sticking.
0:14 of 1st period - Emil Pettersson wins face-off versus Dylan Strome in Moose zone.
1:33 of 1st period - Dylan Strome is hit by Justin Shugg and loses puck.
2:07 of 1st period - William Carrier is hit by Nathan Walker and loses puck.
2:13 of 1st period - Penalty to Ludwig Bystrom is over, Ludwig Bystrom is back on ice.
2:20 of 1st period - Snap shot by Chris Wagner.
2:20 of 1st period - Shot Misses the Net.
2:22 of 1st period - Slapshot by Robin Norell.
2:22 of 1st period - Deflect By Chris Wagner.
2:22 of 1st period - Shot Misses the Net.
2:22 of 1st period - Puck is out of play.
2:23 of 1st period - Nathan Bastian wins face-off versus Noah Gregor in Moose zone.
2:44 of 1st period - Slapshot by Chris Wagner.
2:44 of 1st period - Stopped by Karel Vejmelka with a rebound.
2:46 of 1st period - Snap shot by Eric Gustafsson.
2:46 of 1st period - Shot Misses the Net.
2:48 of 1st period - Slapshot by Scott Harrington.
2:48 of 1st period - Shot Misses the Net.
2:50 of 1st period - Slapshot by Eric Gustafsson.
2:50 of 1st period - Shot Blocked by Ludwig Bystrom.
2:52 of 1st period - Slapshot by Scott Harrington.
2:52 of 1st period - Shot Misses the Net.
2:54 of 1st period - Slapshot by Eric Gustafsson.
2:54 of 1st period - Stopped by Karel Vejmelka with a rebound.
3:40 of 1st period - Wrist shot by Nikolay Goldobin.
3:40 of 1st period - Stopped by Joni Ortio without a rebound.
3:41 of 1st period - Chase De Leo wins face-off versus Emil Pettersson in Barracuda zone.
3:53 of 1st period - Minor Penalty to Erik Cernak for Roughing.
3:54 of 1st period - Dylan Strome wins face-off versus Emil Pettersson in Moose zone.
4:15 of 1st period - Minor Penalty to Dylan Strome for Hooking.
4:16 of 1st period - Emil Pettersson wins face-off versus Jake Leschyshyn in Moose zone.
4:21 of 1st period - Snap shot by Emil Pettersson.
4:21 of 1st period - Deflect By Brandon Kozun.
4:21 of 1st period - Stopped by Karel Vejmelka with a rebound.
4:23 of 1st period - Slapshot by Brandon Kozun.
4:23 of 1st period - Stopped by Karel Vejmelka without a rebound.
4:24 of 1st period - William Carrier wins face-off versus Jake Leschyshyn in Moose zone.
4:40 of 1st period - Icing by Scott Harrington.
4:41 of 1st period - Emil Pettersson wins face-off versus Jake Leschyshyn in Barracuda zone.
4:46 of 1st period - Snap shot by Brandon Kozun.
4:46 of 1st period - Deflect By William Carrier.
4:46 of 1st period - Shot Misses the Net.
4:46 of 1st period - Puck is out of play.
4:47 of 1st period - Jake Leschyshyn wins face-off versus Theodor Blueger in Moose zone.
5:00 of 1st period - Backhand shot by Theodor Blueger.
5:00 of 1st period - Stopped by Karel Vejmelka with a rebound.
5:02 of 1st period - Snap shot by Scott Harrington.
5:02 of 1st period - Stopped by Karel Vejmelka with a rebound.
5:53 of 1st period - Penalty to Erik Cernak is over, Erik Cernak is back on ice.
6:15 of 1st period - Penalty to Dylan Strome is over, Dylan Strome is back on ice.
6:24 of 1st period - Matthew Benning is hit by Eric Gustafsson and loses puck.
6:43 of 1st period - Nathan Bastian is hit by Jerome Gauthier-Leduc and loses puck.
7:48 of 1st period - Slapshot by Roman Josi.
7:48 of 1st period - Stopped by Joni Ortio without a rebound.
7:49 of 1st period - Theodor Blueger wins face-off versus Dylan Strome in Barracuda zone.
8:24 of 1st period - Snap shot by Mario Lucia.
8:24 of 1st period - Stopped by Karel Vejmelka without a rebound.
8:25 of 1st period - Emil Pettersson wins face-off versus Dylan Strome in Moose zone.
8:28 of 1st period - Slapshot by William Carrier.
8:28 of 1st period - Deflect By Brandon Kozun.
8:28 of 1st period - Goal by Brandon Kozun - Barracuda : 1 - Moose : 0.
8:29 of 1st period - Emil Pettersson wins face-off versus Dylan Strome in neutral zone.
8:32 of 1st period - Wrist shot by Emil Pettersson.
8:32 of 1st period - Stopped by Karel Vejmelka with a rebound.
8:59 of 1st period - Icing by Kyle Connor.
9:00 of 1st period - Kyle Connor wins face-off versus Theodor Blueger in Moose zone.
9:36 of 1st period - Wrist shot by Nathan Walker.
9:36 of 1st period - Shot Blocked by Emil Pettersson.
9:58 of 1st period - Slapshot by Mario Lucia.
9:58 of 1st period - Stopped by Karel Vejmelka without a rebound.
9:59 of 1st period - Dylan Strome wins face-off versus Theodor Blueger in Moose zone.
10:26 of 1st period - Scott Harrington is hit by Roman Josi and loses puck.
11:17 of 1st period - Icing by Kurtis Macdermid.
11:18 of 1st period - Nathan Walker wins face-off versus Theodor Blueger in Barracuda zone.
11:21 of 1st period - Snap shot by Nathan Walker.
11:21 of 1st period - Shot Misses the Net.
11:31 of 1st period - Snap shot by Nathan Walker.
11:31 of 1st period - Shot Blocked by Theodor Blueger.
11:33 of 1st period - Wrist shot by Tomas Jurco.
11:33 of 1st period - Shot Misses the Net.
11:47 of 1st period - Wrist shot by Chase De Leo.
11:47 of 1st period - Stopped by Joni Ortio with a rebound.
12:17 of 1st period - Wrist shot by William Bitten.
12:17 of 1st period - Stopped by Joni Ortio with a rebound.
12:31 of 1st period - Snap shot by Cole Ully.
12:31 of 1st period - Shot Misses the Net.
12:33 of 1st period - Wrist shot by Noah Gregor.
12:33 of 1st period - Shot Misses the Net.
12:35 of 1st period - Snap shot by Jerome Gauthier-Leduc.
12:35 of 1st period - Shot Misses the Net.
12:37 of 1st period - Slapshot by Cole Ully.
12:37 of 1st period - Shot Blocked by Nathan Bastian.
13:05 of 1st period - Double Minor Penalty to Nathan Walker for Roughing.
13:06 of 1st period - Kyle Connor wins face-off versus Emil Pettersson in Moose zone.
13:58 of 1st period - Backhand shot by Ludwig Bystrom.
13:58 of 1st period - Shot Blocked by Logan Stanley.
15:15 of 1st period - Boris Katchouk is hit by Eric Gustafsson and loses puck.
15:26 of 1st period - Urho Vaakanainen is hit by Chris Wagner and loses puck.
15:51 of 1st period - Slapshot by Scott Harrington.
15:51 of 1st period - Shot Blocked by Matthew Benning.
15:53 of 1st period - Slapshot by Eric Gustafsson.
15:53 of 1st period - Deflect By Kyle Connor.
15:53 of 1st period - Stopped by Karel Vejmelka without a rebound.
15:54 of 1st period - Emil Pettersson wins face-off versus Dylan Strome in Moose zone.
16:13 of 1st period - William Carrier is hit by Mirco Mueller and loses puck.
16:26 of 1st period - Justin Shugg is hit by Chase De Leo and loses puck.
16:41 of 1st period - Erik Cernak is hit by Theodor Blueger and loses puck.
17:05 of 1st period - Penalty to Nathan Walker is over, Nathan Walker is back on ice.
17:12 of 1st period - Wrist shot by Theodor Blueger.
17:12 of 1st period - Goal by Theodor Blueger - Barracuda : 2 - Moose : 0.
17:13 of 1st period - Emil Pettersson wins face-off versus Dylan Strome in neutral zone.
17:40 of 1st period - Noah Gregor is hit by Ludwig Bystrom and loses puck.
17:58 of 1st period - Wrist shot by Mirco Mueller.
17:58 of 1st period - Deflect By Alex Lintuniemi.
17:58 of 1st period - Stopped by Joni Ortio with a rebound.
18:00 of 1st period - Snap shot by Nikolay Goldobin.
18:00 of 1st period - Shot Misses the Net.
18:18 of 1st period - Snap shot by Kurtis Macdermid.
18:18 of 1st period - Stopped by Karel Vejmelka with a rebound.
18:43 of 1st period - Off-side.
18:44 of 1st period - Dylan Strome wins face-off versus Emil Pettersson in neutral zone.
18:47 of 1st period - Eric Gustafsson is hit by Nathan Walker.
18:51 of 1st period - Wrist shot by Dylan Strome.
18:51 of 1st period - Stopped by Joni Ortio with a rebound.
18:53 of 1st period - Snap shot by Dylan Strome.
18:53 of 1st period - Shot Blocked by Scott Harrington.
18:55 of 1st period - Wrist shot by Tomas Jurco.
18:55 of 1st period - Stopped by Joni Ortio without a rebound.
18:56 of 1st period - Emil Pettersson wins face-off versus Nathan Walker in Barracuda zone.
19:01 of 1st period - Slapshot by Eric Gustafsson.
19:01 of 1st period - Stopped by Karel Vejmelka without a rebound.
19:02 of 1st period - Dylan Strome wins face-off versus Emil Pettersson in Moose zone.
19:09 of 1st period - Wrist shot by Dylan Strome.
19:09 of 1st period - Shot Blocked by Emil Pettersson.
19:11 of 1st period - Snap shot by Tomas Jurco.
19:11 of 1st period - Stopped by Joni Ortio without a rebound.
19:12 of 1st period - Vinni Lettieri wins face-off versus Emil Pettersson in Barracuda zone.
19:16 of 1st period - Icing by Scott Harrington.
19:17 of 1st period - Emil Pettersson wins face-off versus Chase De Leo in Barracuda zone.
Goals for this period are 2 for Barracuda vs 0 for Moose.
Shots for this period are 14 for Barracuda vs 8 for Moose.

2nd period


0:01 of 2nd period - Dylan Strome wins face-off versus Emil Pettersson in neutral zone.
0:26 of 2nd period - Mirco Mueller is hit by Logan Stanley and loses puck.
0:33 of 2nd period - Wrist shot by Chris Wagner.
0:33 of 2nd period - Deflect By Mirco Mueller.
0:33 of 2nd period - Stopped by Karel Vejmelka without a rebound.
0:34 of 2nd period - Theodor Blueger wins face-off versus Chase De Leo in Moose zone.
0:59 of 2nd period - Eric Gustafsson is hit by Nathan Walker and loses puck.
1:06 of 2nd period - Wrist shot by Nathan Walker.
1:06 of 2nd period - Shot Blocked by Scott Harrington.
1:10 of 2nd period - Slapshot by Nathan Walker.
1:10 of 2nd period - Shot Hit the Post.
1:20 of 2nd period - Snap shot by Nikolay Goldobin.
1:20 of 2nd period - Stopped by Joni Ortio with a rebound.
1:22 of 2nd period - Snap shot by Nikolay Goldobin.
1:22 of 2nd period - Stopped by Joni Ortio with a rebound.
1:24 of 2nd period - Snap shot by Nikolay Goldobin.
1:24 of 2nd period - Goal by Nikolay Goldobin - Barracuda : 2 - Moose : 1.
1:25 of 2nd period - Chase De Leo wins face-off versus Emil Pettersson in neutral zone.
1:28 of 2nd period - Robin Norell is hit by Kyle Connor and loses puck.
1:51 of 2nd period - Tomas Jurco is hit by Kurtis Macdermid and loses puck.
2:48 of 2nd period - Icing by Mirco Mueller.
2:49 of 2nd period - Chase De Leo wins face-off versus Emil Pettersson in Moose zone.
2:55 of 2nd period - Minor Penalty to Logan Stanley for Delaying the game.
2:56 of 2nd period - Dylan Strome wins face-off versus Brandon Kozun in Barracuda zone.
3:11 of 2nd period - Snap shot by Dylan Strome.
3:11 of 2nd period - Stopped by Joni Ortio without a rebound.
3:12 of 2nd period - Brandon Kozun wins face-off versus Tomas Jurco in Barracuda zone.
3:35 of 2nd period - Eric Gustafsson is hit by Dylan Strome and loses puck.
3:42 of 2nd period - Slapshot by Nathan Walker.
3:42 of 2nd period - Deflect By Tomas Jurco.
3:42 of 2nd period - Deflect By Eric Gustafsson.
3:42 of 2nd period - Stopped by Joni Ortio with a rebound.
3:44 of 2nd period - Slapshot by Dylan Strome.
3:44 of 2nd period - Stopped by Joni Ortio with a rebound.
3:46 of 2nd period - Snap shot by Dylan Strome.
3:46 of 2nd period - Shot Blocked by Eric Gustafsson.
3:48 of 2nd period - Slapshot by Ludwig Bystrom.
3:48 of 2nd period - Stopped by Joni Ortio with a rebound.
3:50 of 2nd period - Snap shot by Tomas Jurco.
3:50 of 2nd period - Shot Misses the Net.
3:52 of 2nd period - Wrist shot by Dylan Strome.
3:52 of 2nd period - Shot Misses the Net.
3:54 of 2nd period - Slapshot by Ludwig Bystrom.
3:54 of 2nd period - Shot Misses the Net.
3:56 of 2nd period - Wrist shot by Tomas Jurco.
3:56 of 2nd period - Stopped by Joni Ortio without a rebound.
3:57 of 2nd period - Chase De Leo wins face-off versus Emil Pettersson in Barracuda zone.
4:21 of 2nd period - Erik Cernak is hit by Robin Norell and loses puck.
4:55 of 2nd period - Penalty to Logan Stanley is over, Logan Stanley is back on ice.
5:02 of 2nd period - Snap shot by Nikolay Goldobin.
5:02 of 2nd period - Shot Misses the Net.
5:04 of 2nd period - Slapshot by Erik Cernak.
5:04 of 2nd period - Stopped by Joni Ortio without a rebound.
5:05 of 2nd period - Theodor Blueger wins face-off versus Michael McLeod in Barracuda zone.
5:18 of 2nd period - Wrist shot by Theodor Blueger.
5:18 of 2nd period - Stopped by Karel Vejmelka without a rebound.
5:19 of 2nd period - Theodor Blueger wins face-off versus Dylan Strome in Moose zone.
5:22 of 2nd period - Snap shot by Justin Shugg.
5:22 of 2nd period - Shot Misses the Net.
5:24 of 2nd period - Wrist shot by Justin Shugg.
5:24 of 2nd period - Shot Blocked by Tomas Jurco.
5:26 of 2nd period - Wrist shot by Kurtis Macdermid.
5:26 of 2nd period - Shot Misses the Net.
5:44 of 2nd period - William Carrier is hit by Vinni Lettieri and loses puck.
6:09 of 2nd period - Snap shot by Michael McLeod.
6:09 of 2nd period - Stopped by Joni Ortio with a rebound.
6:11 of 2nd period - Snap shot by Nikolay Goldobin.
6:11 of 2nd period - Stopped by Joni Ortio without a rebound.
6:12 of 2nd period - Dylan Strome wins face-off versus Noah Gregor in Barracuda zone.
6:45 of 2nd period - Wrist shot by Chase De Leo.
6:45 of 2nd period - Deflect By Kyle Connor.
6:45 of 2nd period - Shot Blocked by Jerome Gauthier-Leduc.
6:45 of 2nd period - Puck is out of play.
6:46 of 2nd period - Emil Pettersson wins face-off versus Dylan Strome in Barracuda zone.
7:11 of 2nd period - Snap shot by Mario Lucia.
7:11 of 2nd period - Stopped by Karel Vejmelka with a rebound.
7:15 of 2nd period - Snap shot by Mario Lucia.
7:15 of 2nd period - Shot Misses the Net.
7:17 of 2nd period - Snap shot by Alex Henriksson.
7:17 of 2nd period - Stopped by Karel Vejmelka with a rebound.
7:19 of 2nd period - Slapshot by Alex Henriksson.
7:19 of 2nd period - Shot Blocked by Dylan Strome.
7:21 of 2nd period - Slapshot by Alex Lintuniemi.
7:21 of 2nd period - Stopped by Karel Vejmelka with a rebound.
7:23 of 2nd period - Slapshot by Jerome Gauthier-Leduc.
7:23 of 2nd period - Shot Blocked by Tomas Jurco.
8:12 of 2nd period - Slapshot by Jake Leschyshyn.
8:12 of 2nd period - Stopped by Joni Ortio without a rebound.
8:13 of 2nd period - Jake Leschyshyn wins face-off versus Theodor Blueger in Barracuda zone.
9:35 of 2nd period - Icing by Chris Wagner.
9:36 of 2nd period - Noah Gregor wins face-off versus Chase De Leo in Barracuda zone.
9:36 of 2nd period - Noah Gregor is hit by Mirco Mueller.
10:18 of 2nd period - Wrist shot by Chris Wagner.
10:18 of 2nd period - Stopped by Karel Vejmelka without a rebound.
10:19 of 2nd period - Emil Pettersson wins face-off versus Michael McLeod in Moose zone.
11:11 of 2nd period - Wrist shot by Vinni Lettieri.
11:11 of 2nd period - Shot Blocked by Robin Norell.
11:13 of 2nd period - Snap shot by Chase De Leo.
11:13 of 2nd period - Shot Blocked by Robin Norell.
11:15 of 2nd period - Snap shot by Matthew Benning.
11:15 of 2nd period - Stopped by Joni Ortio with a rebound.
11:49 of 2nd period - Snap shot by Michael McLeod.
11:49 of 2nd period - Shot Blocked by Jerome Gauthier-Leduc.
12:08 of 2nd period - Snap shot by Kyle Connor.
12:08 of 2nd period - Shot Misses the Net.
12:10 of 2nd period - Slapshot by Ludwig Bystrom.
12:10 of 2nd period - Stopped by Joni Ortio with a rebound.
12:12 of 2nd period - Snap shot by Ludwig Bystrom.
12:12 of 2nd period - Deflect By William Carrier.
12:12 of 2nd period - Stopped by Joni Ortio without a rebound.
12:13 of 2nd period - Emil Pettersson wins face-off versus Chase De Leo in Barracuda zone.
12:23 of 2nd period - Minor Penalty to Alex Lintuniemi for Unsportsmanlike conduct.
12:24 of 2nd period - Brandon Kozun wins face-off versus Dylan Strome in Barracuda zone.
12:40 of 2nd period - Wrist shot by William Carrier.
12:40 of 2nd period - Shot Blocked by Mirco Mueller.
14:23 of 2nd period - Penalty to Alex Lintuniemi is over, Alex Lintuniemi is back on ice.
14:38 of 2nd period - Logan Stanley is hit by Erik Cernak and loses puck.
15:14 of 2nd period - Minor Penalty to Michael McLeod for Hooking.
15:15 of 2nd period - Emil Pettersson wins face-off versus Dylan Strome in Moose zone.
15:18 of 2nd period - Wrist shot by William Carrier.
15:18 of 2nd period - Goal by William Carrier - Barracuda : 3 - Moose : 1.
15:19 of 2nd period - Emil Pettersson wins face-off versus Dylan Strome in neutral zone.
15:46 of 2nd period - Theodor Blueger is hit by Vinni Lettieri.
17:25 of 2nd period - Snap shot by Michael McLeod.
17:25 of 2nd period - Goal by Michael McLeod - Barracuda : 3 - Moose : 2.
17:26 of 2nd period - Dylan Strome wins face-off versus Theodor Blueger in neutral zone.
17:58 of 2nd period - Wrist shot by Chris Wagner.
17:58 of 2nd period - Stopped by Karel Vejmelka without a rebound.
17:59 of 2nd period - Emil Pettersson wins face-off versus Chase De Leo in Moose zone.
18:09 of 2nd period - Minor Penalty to Erik Cernak for Holding.
18:10 of 2nd period - Nathan Walker wins face-off versus Emil Pettersson in Moose zone.
18:22 of 2nd period - Slapshot by Brandon Kozun.
18:22 of 2nd period - Stopped by Karel Vejmelka without a rebound.
18:23 of 2nd period - Dylan Strome wins face-off versus Emil Pettersson in Moose zone.
19:52 of 2nd period - William Carrier is hit by Kyle Connor and loses puck.
Goals for this period are 1 for Barracuda vs 2 for Moose.
Shots for this period are 9 for Barracuda vs 16 for Moose.

3rd period


0:01 of 3rd period - Dylan Strome wins face-off versus Emil Pettersson in neutral zone.
0:09 of 3rd period - Penalty to Erik Cernak is over, Erik Cernak is back on ice.
0:10 of 3rd period - Mirco Mueller is hit by William Carrier and loses puck.
0:15 of 3rd period - Snap shot by William Carrier.
0:15 of 3rd period - Goal by William Carrier - Barracuda : 4 - Moose : 2.
0:16 of 3rd period - Dylan Strome wins face-off versus Brandon Kozun in neutral zone.
0:23 of 3rd period - Snap shot by Tomas Jurco.
0:23 of 3rd period - Shot Misses the Net.
0:25 of 3rd period - Slapshot by Ludwig Bystrom.
0:25 of 3rd period - Stopped by Joni Ortio without a rebound.
0:26 of 3rd period - Dylan Strome wins face-off versus William Carrier in Barracuda zone.
0:33 of 3rd period - Snap shot by Nathan Walker.
0:33 of 3rd period - Stopped by Joni Ortio without a rebound.
0:34 of 3rd period - Dylan Strome wins face-off versus Emil Pettersson in Barracuda zone.
0:35 of 3rd period - Wrist shot by Nathan Walker.
0:35 of 3rd period - Goal by Nathan Walker - Barracuda : 4 - Moose : 3.
0:36 of 3rd period - Dylan Strome wins face-off versus Emil Pettersson in neutral zone.
0:47 of 3rd period - Slapshot by Nathan Walker.
0:47 of 3rd period - Stopped by Joni Ortio with a rebound.
0:55 of 3rd period - Dylan Strome is hit by William Carrier and loses puck.
1:12 of 3rd period - Wrist shot by Chase De Leo.
1:12 of 3rd period - Stopped by Joni Ortio without a rebound.
1:13 of 3rd period - Theodor Blueger wins face-off versus Chase De Leo in Barracuda zone.
1:28 of 3rd period - Wrist shot by Kyle Connor.
1:28 of 3rd period - Stopped by Joni Ortio without a rebound.
1:29 of 3rd period - Dylan Strome wins face-off versus Emil Pettersson in Barracuda zone.
1:36 of 3rd period - Tomas Jurco is hit by Brandon Kozun and loses puck.
1:42 of 3rd period - Minor Penalty to Brandon Kozun for Hooking.
1:43 of 3rd period - Dylan Strome wins face-off versus Alex Henriksson in Barracuda zone.
2:20 of 3rd period - Kyle Connor is hit by Alex Henriksson and loses puck.
3:42 of 3rd period - Penalty to Brandon Kozun is over, Brandon Kozun is back on ice.
3:59 of 3rd period - Snap shot by William Bitten.
3:59 of 3rd period - Shot Misses the Net.
4:05 of 3rd period - Minor Penalty to Scott Harrington for Holding.
4:06 of 3rd period - Brandon Kozun wins face-off versus Chase De Leo in Barracuda zone.
4:23 of 3rd period - Icing by Ludwig Bystrom.
4:24 of 3rd period - Brandon Kozun wins face-off versus Vinni Lettieri in Moose zone.
4:25 of 3rd period - Snap shot by William Carrier.
4:25 of 3rd period - Stopped by Karel Vejmelka with a rebound.
4:31 of 3rd period - Vinni Lettieri is hit by Logan Stanley.
5:09 of 3rd period - Snap shot by Kyle Connor.
5:09 of 3rd period - Shot Misses the Net.
5:27 of 3rd period - Wrist shot by Kyle Connor.
5:27 of 3rd period - Shot Misses the Net.
5:29 of 3rd period - Slapshot by Ludwig Bystrom.
5:29 of 3rd period - Shot Misses the Net.
5:31 of 3rd period - Slapshot by Ludwig Bystrom.
5:31 of 3rd period - Stopped by Joni Ortio without a rebound.
5:32 of 3rd period - Dylan Strome wins face-off versus Emil Pettersson in Barracuda zone.
5:41 of 3rd period - Wrist shot by Tomas Jurco.
5:41 of 3rd period - Goal by Tomas Jurco - Barracuda : 4 - Moose : 4.
5:42 of 3rd period - Emil Pettersson wins face-off versus Dylan Strome in neutral zone.
6:28 of 3rd period - Logan Stanley is hit by Boris Katchouk and loses puck.
7:07 of 3rd period - Snap shot by Cole Ully.
7:07 of 3rd period - Goal by Cole Ully - Barracuda : 5 - Moose : 4.
7:08 of 3rd period - Dylan Strome wins face-off versus Emil Pettersson in neutral zone.
7:19 of 3rd period - William Carrier is hit by Nathan Walker and loses puck.
7:41 of 3rd period - Slapshot by Nikolay Goldobin.
7:41 of 3rd period - Stopped by Joni Ortio without a rebound.
7:42 of 3rd period - Theodor Blueger wins face-off versus Michael McLeod in Barracuda zone.
7:49 of 3rd period - Icing by Roman Josi.
7:50 of 3rd period - Michael McLeod wins face-off versus Theodor Blueger in Moose zone.
8:13 of 3rd period - Snap shot by Michael McLeod.
8:13 of 3rd period - Shot Misses the Net.
8:15 of 3rd period - Slapshot by Roman Josi.
8:15 of 3rd period - Stopped by Joni Ortio with a rebound.
8:17 of 3rd period - Snap shot by Nathan Bastian.
8:17 of 3rd period - Stopped by Joni Ortio with a rebound.
8:19 of 3rd period - Slapshot by Roman Josi.
8:19 of 3rd period - Deflect By Nikolay Goldobin.
8:19 of 3rd period - Stopped by Joni Ortio without a rebound.
8:20 of 3rd period - Dylan Strome wins face-off versus Emil Pettersson in Barracuda zone.
8:23 of 3rd period - Wrist shot by Nathan Walker.
8:23 of 3rd period - Shot Blocked by Eric Gustafsson.
8:29 of 3rd period - Wrist shot by Nathan Walker.
8:29 of 3rd period - Shot Blocked by William Carrier.
8:33 of 3rd period - Wrist shot by Tomas Jurco.
8:33 of 3rd period - Stopped by Joni Ortio with a rebound.
8:52 of 3rd period - Slapshot by Kyle Connor.
8:52 of 3rd period - Deflect By Chase De Leo.
8:52 of 3rd period - Shot Misses the Net.
8:52 of 3rd period - Puck is out of play.
8:53 of 3rd period - Theodor Blueger wins face-off versus Chase De Leo in Barracuda zone.
8:58 of 3rd period - Wrist shot by Theodor Blueger.
8:58 of 3rd period - Stopped by Karel Vejmelka with a rebound.
9:00 of 3rd period - Wrist shot by Theodor Blueger.
9:00 of 3rd period - Stopped by Karel Vejmelka without a rebound.
9:01 of 3rd period - Theodor Blueger wins face-off versus Chase De Leo in Moose zone.
9:06 of 3rd period - Wrist shot by Justin Shugg.
9:06 of 3rd period - Stopped by Karel Vejmelka without a rebound.
9:07 of 3rd period - Emil Pettersson wins face-off versus Dylan Strome in Moose zone.
9:30 of 3rd period - Minor Penalty to Theodor Blueger for Hooking.
9:31 of 3rd period - Brandon Kozun wins face-off versus Dylan Strome in Barracuda zone.
9:31 of 3rd period - Brandon Kozun is hit by Ludwig Bystrom.
11:30 of 3rd period - Penalty to Theodor Blueger is over, Theodor Blueger is back on ice.
12:46 of 3rd period - Nathan Bastian is hit by Logan Stanley.
13:27 of 3rd period - Nikolay Goldobin is hit by Alex Henriksson and loses puck.
14:09 of 3rd period - Boris Katchouk is hit by Aleksi Heponiemi and loses puck.
14:16 of 3rd period - Matthew Benning is hit by Alex Henriksson.
14:42 of 3rd period - Minor Penalty to Nathan Bastian for Slashing.
14:43 of 3rd period - Emil Pettersson wins face-off versus Dylan Strome in Moose zone.
14:44 of 3rd period - Snap shot by Brandon Kozun.
14:44 of 3rd period - Stopped by Karel Vejmelka without a rebound.
14:45 of 3rd period - Emil Pettersson wins face-off versus Dylan Strome in Moose zone.
15:28 of 3rd period - Mirco Mueller is hit by Theodor Blueger and loses puck.
16:42 of 3rd period - Penalty to Nathan Bastian is over, Nathan Bastian is back on ice.
16:43 of 3rd period - Wrist shot by Nikolay Goldobin.
16:43 of 3rd period - Stopped by Joni Ortio with a rebound.
16:45 of 3rd period - Slapshot by Nathan Bastian.
16:45 of 3rd period - Stopped by Joni Ortio with a rebound.
16:47 of 3rd period - Slapshot by Jake Leschyshyn.
16:47 of 3rd period - Shot Misses the Net.
16:49 of 3rd period - Wrist shot by Nathan Bastian.
16:49 of 3rd period - Goal by Nathan Bastian - Barracuda : 5 - Moose : 5.
16:50 of 3rd period - Michael McLeod wins face-off versus Noah Gregor in neutral zone.
17:17 of 3rd period - Boris Katchouk is hit by Mario Lucia and loses puck.
17:24 of 3rd period - Slapshot by Mario Lucia.
17:24 of 3rd period - Goal by Mario Lucia - Barracuda : 6 - Moose : 5.
17:25 of 3rd period - Noah Gregor wins face-off versus Michael McLeod in neutral zone.
17:34 of 3rd period - Snap shot by Cole Ully.
17:34 of 3rd period - Shot Blocked by Nikolay Goldobin.
17:52 of 3rd period - Scott Harrington is hit by Ludwig Bystrom and loses puck.
18:21 of 3rd period - Slapshot by Justin Shugg.
18:21 of 3rd period - Stopped by Karel Vejmelka with a rebound.
19:02 of 3rd period - Moose, Karel Vejmelka is pulled from the net.
Goals for this period are 3 for Barracuda vs 3 for Moose.
Shots for this period are 9 for Barracuda vs 16 for Moose.